 Dungeon Crawl Stone Soup version 0.27-a0-1105-g946c659c87 (webtiles) character file.

Game seed: 6278521407237646422

961 robertstho the Skirmisher (level 7, -4/57 HPs)
             Began as a Demonspawn Berserker on Apr 29, 2021.
             Was a Priest of Trog.
             Slain by an ogre
             ... wielding a +0 giant club
              (15 damage)
             ... on level 4 of the Dungeon.
             The game lasted 00:05:46 (4311 turns).

robertstho the Skirmisher (Demonspawn Berserker)    Turns: 4311, Time: 00:05:46

Health: -4/57      AC: 11    Str: 19    XL:     7   Next: 92%
Magic:  7/7        EV:  9    Int:  8    God:    Trog [***...]
Gold:   117        SH:  0    Dex: 19    Spells: 6/6 levels left

rFire    . . .     SeeInvis +   i - +1 hand axe (flame)
rCold    . . .     Faith    .   (no shield)
rNeg     . . .     Spirit   .   k - +0 chain mail
rPois    .         Reflect  .   l - +0 helmet
rElec    .         Harm     .   (no cloak)
rCorr    .         Rampage  .   (no gloves)
Will     .....                  (no boots)
Stlth    ..........             (no amulet)
HPRegen  0.19/turn              c - ring of see invisible
MPRegen  0.20/turn              j - +6 ring of dexterity

@: lit by a corona, glowing
A: claws 2, spiny 1, magic regeneration, sturdy frame 1
a: Renounce Religion, Berserk, Trog's Hand


You were on level 4 of the Dungeon.
You worshipped Trog.
Trog was most pleased with you.
You visited 1 branch of the dungeon, and saw 4 of its levels.

You collected 117 gold pieces.

Inventory:

Hand Weapons
 i - a +1 hand axe of flaming (weapon)
Missiles
 v - a throwing net
Armour
 k - a +0 chain mail (worn)
 l - a +0 helmet (worn)
Jewellery
 c - a ring of see invisible (left claw)
 j - a +6 ring of dexterity (right claw)
 r - an amulet of magic regeneration
 u - a ring of flight
Wands
 t - a wand of paralysis (8)
Scrolls
 a - 2 scrolls of teleportation {unknown}
 b - a scroll of torment {unknown}
 e - a scroll of holy word {unknown}
 m - a scroll of silence {unknown}
 s - 2 scrolls of noise
Potions
 d - a potion of heal wounds {unknown}
 f - a potion of might
 g - 2 potions of berserk rage
 h - a potion of resistance {unknown}
 n - a potion of curing
 p - a potion of degeneration


   Skills:
 * Level 5.7 Fighting
 + Level 5.0 Axes
 * Level 5.3 Armour
 + Level 2.5 Dodging
 + Level 1.1 Stealth


You had 6 spell levels left.
You didn't know any spells.
Your spell library was empty.

Dungeon Overview and Level Annotations

Branches:
Dungeon (4/15)             Temple (0/1) D:4

Altars:
Makhleb
Vehumet
The Shining One


Innate Abilities, Weirdness & Mutations

You have very sharp fingernails.
You are partially covered in sharp spines.
You regenerate magic rapidly.
Your movements are slightly less encumbered by armour. (ER -2)


Message History

The gnoll shaman is almost dead.
The gnoll shaman calls down the wrath of its god upon you.
You are outlined in light.
You slash the gnoll shaman! You burn the gnoll shaman.
You kill the gnoll shaman!
Trog accepts your kill.
An ogre comes into view. It is wielding a +0 giant club.
An orc comes into view. It is wielding a +0 spear.
The orc shouts!
You hear a shout! x3
The orc is struck by your spines. The orc hits you but does no damage.
Things that are here:
a +0 whip; a +0 robe; a wand of digging (5)
You slash the orc! You burn the orc.
You kill the orc!
Trog accepts your kill. The orc hits you but does no damage.
You hit the ogre. You burn the ogre.
The ogre is lightly wounded.
A gnoll comes into view. It is wielding a +0 club.
The ogre is struck by your spines.
The ogre hits you with a +0 giant club!!
* * * LOW HITPOINT WARNING * * *
The orc hits you but does no damage.
It was a potion of curing.
You feel better. The orc barely misses you.
As you read the scroll labelled IQOGE RYDO, it crumbles to dust.
You hear a loud clanging noise!
It was a scroll of noise.
You hear a shout! x2; You hear a bark!
You hear a shout!
You hear a bark! x2
You hear a shout!
You hear a howl!
You hear a shout! x7
The ogre is struck by your spines. The ogre misses you.
The orc hits you but does no damage.
As you read the scroll labelled PYRICO ZUCS, it crumbles to dust.
The scroll dissolves into smoke.
It was a scroll of fog.
The ogre is struck by your spines. The ogre barely misses you.
The orc hits you but does no damage.
As you read the scroll labelled TESKUG BETE, it crumbles to dust.
It is a scroll of identify.
p - a potion of degeneration The ogre hits you with a +0 giant club!
You die...

.........## #....... ..........##
#....... ...........## ##......#
.........#..#############..######
...............................P.
≈≈≈≈≈≈≈≈≈≈)...≈≈≈§≈≈≈)≈≈≈≈≈≈≈≈≈≈≈
≈≈≈≈≈≈≈≈≈≈...§§§§≈≈≈≈≈≈≈≈≈≈≈≈≈≈≈≈
≈≈≈≈≈≈≈≈≈≈...§§§§§≈)≈)≈≈≈≈#####≈≈
.............§gO@§........#go.#≈≈
##########'''o#############.?.#≈≈
#... #'###≈≈ #.. ..#.≈≈≈ #. #.≈≈≈
# #.≈≈≈ #.≈≈≈ #.≈≈≈ #.≈≈≈


You could see an ogre and a gnoll.

Vanquished Creatures
  Grinder (D:3)
  Eustachio (D:4)
  A scorpion (D:3)
  4 howler monkeys (D:4)
  A hound (D:4)
  A gnoll shaman (D:4)
  An orc priest (D:4)
  Terence (D:2)
  An orc wizard (D:4)
  A statue (D:3)
  Robin (D:3)
  5 gnolls
  A howler monkey skeleton (D:4)
  6 adders
  A worm (D:3)
  15 orcs
  6 bats
  4 endoplasms
  A giant cockroach (D:4)
  13 goblins
  5 hobgoblins
  16 jackals
  4 kobolds
  2 quokkas
  5 ball pythons
  3 rats
101 creatures vanquished.

Vanquished Creatures (others)
  A plant (D:4)
1 creature vanquished.

Grand Total: 102 creatures vanquished

Notes
Turn   | Place    | Note
-------+----------+-------------------------------------------
     0 | D:1      | robertstho the Demonspawn Berserker began the quest for the
                  | Orb.
     0 | D:1      | Reached XP level 1. HP: 18/18 MP: 1/1
   837 | D:1      | Found a faded altar of an unknown god.
   903 | D:1      | Gained mutation: You are partially covered in sharp spines.
                  | [demonic ancestry]
   903 | D:1      | Reached XP level 2. HP: 24/24 MP: 2/2
  1096 | D:2      | Noticed Terence
  1110 | D:2      | Killed Terence
  1111 | D:2      | Gained mutation: You have sharp fingernails. [demonic
                  | ancestry]
  1111 | D:2      | Reached XP level 3. HP: 21/30 MP: 3/3
  1806 | D:3      | Gained mutation: Your movements are slightly less
                  | encumbered by armour. (ER -2) [demonic ancestry]
  1806 | D:3      | Reached XP level 4. HP: 37/37 MP: 4/4
  1887 | D:3      | Noticed a scorpion
  1898 | D:3      | Killed a scorpion
  2284 | D:3      | Reached XP level 5. HP: 42/42 MP: 5/5
  2284 | D:3      | Reached ** piety under Trog
  2574 | D:3      | Found a radiant altar of Vehumet.
  2574 | D:3      | Noticed a charred statue
  2590 | D:3      | Killed a charred statue
  2813 | D:3      | Noticed Grinder
  2827 | D:3      | Paralysed by Grinder for 2 turns
  2832 | D:3      | Killed Grinder
  2833 | D:3      | Gained mutation: You have very sharp fingernails. [demonic
                  | ancestry]
  2833 | D:3      | Reached XP level 6. HP: 17/49 MP: 6/6
  3112 | D:3      | Noticed Robin
  3120 | D:3      | Killed Robin
  3323 | D:3      | Found a burning altar of Makhleb.
  3353 | D:4      | Noticed Eustachio
  3373 | D:4      | Killed Eustachio
  3374 | D:4      | Reached skill level 5 in Fighting
  3374 | D:4      | Gained mutation: You regenerate magic rapidly. [demonic
                  | ancestry]
  3374 | D:4      | Reached XP level 7. HP: 56/56 MP: 7/7
  3597 | D:4      | Found a staircase to the Ecumenical Temple.
  3915 | D:4      | Reached *** piety under Trog
  4154 | D:4      | Reached skill level 5 in Armour
  4154 | D:4      | Reached skill level 1 in Stealth
  4162 | D:4      | Reached skill level 5 in Axes
  4311 | D:4      | Slain by an ogre

Illustrated notes

Levels and vault maps discovered:
D:1:      enne_arrival_octagon_isle, layout_loops_ring,
          shapermc_ecumenical_altar_mp_ritualfount
D:2:      layout_basic, uniq_terence
D:3:      layout_basic, tso_oasis_becter, vehumet_statue,
          lemuel_coloured_pillars_altar, st_stairs_10,
          chequers_serial_rivers_micro_b, minmay_cupped, uniq_robin,
          uniq_grinder
D:4:      lemuel_castle_with_subvaults [lemuel_castle_interior_carwin_2],
          layout_cave_pods, lemuel_temple_firewalk_a, kennysheep_pointless_box,
          uniq_eustachio

Skill      XL: |  1  2  3  4  5  6  7 |
---------------+----------------------+-----
Armour         | 2 3 4 5 |  5.3
Axes           | 3 4 5 |  5.0
Dodging        | 2 |  2.5
Fighting       | 4 5 |  5.7
Stealth        | 1 |  1.1

Action                   |  1- 3 |  4- 6 |  7- 9 || total
-------------------------+-------+-------+-------++-------
Melee: Hand axe          |    49 |    90 |    78 ||   217
Invok: Berserk           |     3 |     6 |       ||     9
       Trog's Hand       |       |     1 |       ||     1
  Use: Potion            |       |     2 |     1 ||     3
       Scroll            |       |       |     3 ||     3
Armor: Animal skin       |     3 |       |       ||     3
       Scale mail        |     3 |     6 |       ||     9
       Chain mail        |       |    26 |    49 ||    75
Dodge: Dodged            |    28 |    31 |    31 ||    90

Table legend: (Time is in decaauts)
 A = Elapsed time spent in this place.
 B = Non-inter-level travel time spent in this place.
 C = Inter-level travel time spent in this place.
 D = Time resting spent in this place.
 E = Time spent auto-exploring this place.
 F = Levels seen in this place.
 G = Mean time per level.
                   A        B        C        D        E       F      G
               +--------+--------+--------+--------+--------+-----+--------+
         Total |   4419 |   4314 |    105 |    845 |   2884 |   4 | 1104.8 |
       Dungeon |   4419 |   4314 |    105 |    845 |   2884 |   4 | 1104.8 |
               +--------+--------+--------+--------+--------+-----+--------+

Top non-repeatable levels by time:
     D:3: 1351 daAuts
     D:2: 1062 daAuts
     D:1: 1021 daAuts
     D:4: 983 daAuts
